 Dungeon Crawl Stone Soup version 0.26.1-11-gd32895ea62 (webtiles) character file.

Game seed: 9984658303769346863

553 nomophobia the Bolt Thrower (level 7, -1/44 HPs)
             Began as a Kobold Hunter on May 18, 2021.
             Slain by a centaur
             ... wielding a +0 hand axe
              (5 damage)
             ... on level 4 of the Dungeon.
             The game lasted 00:46:06 (5105 turns).

nomophobia the Bolt Thrower (Kobold Hunter)         Turns: 5105, Time: 00:46:06

Health: -1/44      AC:  5    Str:  9    XL:     7   Next: 55%
Magic:  7/7        EV: 16    Int: 13    God:
Gold:   147        SH:  0    Dex: 17    Spells: 6/6 levels left

rFire    . . .     SeeInvis +   a - +1 hand crossbow
rCold    . . .     Faith    .   (shield restricted)
rNeg     . . .     Spirit   .   c - +1 leather armour
rPois    .         Reflect  .   (no helmet)
rElec    .         Harm     .   (no cloak)
rCorr    .         Rampage  .   (no gloves)
Will     .....                  q - +0 pair of boots
Stlth    ++++......             (no amulet)
HPRegen  0.14/turn              g - ring of see invisible
MPRegen  0.10/turn              (no ring)

@: about to teleport
A: small, nightstalker 3
a: no special abilities


You were on level 4 of the Dungeon.
You visited 1 branch of the dungeon, and saw 4 of its levels.

You collected 147 gold pieces.

Inventory:

Hand Weapons
 a - a +1 hand crossbow (weapon)
 b - a +0 short sword
 s - a +2 vampiric whip
Missiles
 d - 13 bolts (quivered ammo)
Armour
 c - a +1 leather armour (worn)
 q - a +0 pair of boots (worn)
Jewellery
 g - a ring of see invisible (left hand)
 m - an uncursed ring of flight {unknown}
Wands
 k - a wand of paralysis (8)
 t - a wand of polymorph (6)
Scrolls
 e - 2 scrolls of teleportation
 n - a scroll of blinking
 p - 2 scrolls of remove curse
Potions
 f - a potion of lignification {unknown}
 h - a potion of magic {unknown}
 i - 4 potions of flight {unknown}
 j - 2 potions of degeneration {unknown}
 l - 3 potions of brilliance {unknown}
 o - a potion of curing {unknown}
 u - a potion of invisibility
 v - a potion of might {unknown}


   Skills:
 + Level 4.5 Fighting
 * Level 3.8 Short Blades
 + Level 6.1 Crossbows
 - Level 3.6 Dodging
 + Level 6.0 Stealth


You had 6 spell levels left.
You didn't know any spells.
Your spell library contained the following spells:

 Spells                   Type           Power        Failure   Level
 Summon Small Mammal      Summ           0%           41%         1


Dungeon Overview and Level Annotations

Branches:
Dungeon (4/15)
 Temple: D:4-7

Altars:
Gozag
Sif Muna
Trog
Yredelemnul
The Shining One

Shops:
D:4 *


Innate Abilities, Weirdness & Mutations

You are small and have problems with some larger weapons.
You are completely attuned to the shadows.


Message History

The worker ant is moderately wounded.
The centaur shoots an arrow.
The arrow hits you!
You are too injured to fight recklessly!
The centaur shoots an arrow.
The arrow hits you!
* * * LOW HITPOINT WARNING * * *
The centaur shoots an arrow.
The arrow closely misses you.
You see here an arrow.
The centaur shoots an arrow.
The arrow hits you.
* * * LOW HITPOINT WARNING * * *
You see here an arrow.
The worker ant completely misses you.
The centaur shoots an arrow.
The arrow completely misses you.
The centaur shoots an arrow.
The arrow closely misses you.
You see here an arrow.
The worker ant completely misses you.
As you read the scroll of teleportation, it crumbles to dust.
You feel strangely unstable. The worker ant completely misses you.
The centaur unwields a +0 shortbow.
The centaur wields a +0 hand axe.
The centaur hits you with a +0 hand axe.
You die...

..#.....# #.......#
..#.....# #.......#
..#.....# #.......#
..#.....# #.......#
..#.....## #..((...#
..#......# #.......#
..#......# #.......#
..#......# #..cB...#
..#......#..#...@...#
..#......#..#.......#
..#......#..#.......#
..#......#..#.......#
..#......#..#.......#
###......#..#.......#
.........#..'.......#
.........#..#.......
.........#..#.......


You could see a centaur (invisible) and a worker ant.

Vanquished Creatures
  2 phantoms (D:4)
  A gnoll sergeant (D:4)
  2 iguanas (D:4)
  Jessica (D:3)
  Terence (D:2)
  3 adders
  11 gnolls
  A white imp (D:3)
  3 worms
  2 dart slugs (D:2)
  A leopard gecko (D:1)
  3 orcs (D:3)
  4 bats
  4 giant cockroaches
  5 goblins
  5 hobgoblins
  5 jackals
  A quokka (D:3)
  2 ball pythons
  4 frilled lizards
  8 kobolds
  A leopard gecko skeleton (D:4)
  4 rats
74 creatures vanquished.

Notes
Turn   | Place    | Note
-------+----------+-------------------------------------------
     0 | D:1      | nomophobia the Kobold Hunter began the quest for the Orb.
     0 | D:1      | Reached XP level 1. HP: 12/12 MP: 1/1
   290 | D:1      | Reached XP level 2. HP: 17/18 MP: 2/2
   325 | D:1      | Reached skill level 5 in Crossbows
   679 | D:2      | Reached XP level 3. HP: 22/22 MP: 3/3
   712 | D:2      | Reached skill level 1 in Short Blades
  1201 | D:2      | Noticed Terence
  1206 | D:2      | Killed Terence
  1207 | D:2      | Reached XP level 4. HP: 27/27 MP: 4/4
  1664 | D:3      | Reached XP level 5. HP: 12/32 MP: 5/5
  2313 | D:3      | Noticed Jessica
  2317 | D:3      | Killed Jessica
  2370 | D:3      | Found a glowing golden altar of the Shining One.
  2373 | D:3      | Noticed an angel
  2385 | D:3      | Found a basalt altar of Yredelemnul.
  2388 | D:3      | Noticed a profane servitor
  2633 | D:3      | Found a bloodstained altar of Trog.
  2652 | D:3      | Found a shimmering blue altar of Sif Muna.
  2662 | D:3      | Identified Sif Muna's Almanac of Calling
  2734 | D:3      | Reached XP level 6. HP: 35/37 MP: 6/6
  3834 | D:4      | Found an opulent altar of Gozag.
  4087 | D:4      | Reached skill level 5 in Stealth
  4134 | D:4      | Found Gozag's Platinum Reserve.
  4209 | D:4      | Noticed a phantom
  4344 | D:4      | Killed a phantom
  4345 | D:4      | Reached XP level 7. HP: 42/44 MP: 7/7
  5094 | D:4      | HP: 2/44 [centaur/arrow (5)]
  5105 | D:4      | Slain by a centaur

Illustrated notes

Levels and vault maps discovered:
D:1:      minmay_arrival_four_houses, layout_rooms, serial_forest,
          infiniplex_forest_straight_4, infiniplex_forest_straight_4,
          infiniplex_forest_clump_tiny, infiniplex_forest_lined_room_2,
          grunt_decor_fettered, columned_hall_lemuel,
          wander_ebering_terrifying_dragon_lair
D:2:      layout_basic, uniq_terence
D:3:      minmay_recursive_quarters, layout_basic,
          grunt_temple_overflow_holy_war, nzn_overflow_gifts_of_might_and_magic,
          uniq_jessica
D:4:      layout_gridville, nicolae_ru_path_of_blood,
          nicolae_gozag_zags_fifth_avenue

Skill      XL: |  1  2  3  4  5  6  7 |
---------------+----------------------+-----
Crossbows      | 5 6 |  6.1
Stealth        | 2 3 4 5 6 |  6.0
Dodging        | 3 |  3.6
Short Blades   | 1 2 3 |  3.8
Fighting       | 3 4 |  4.5

Action                   |  1- 3 |  4- 6 |  7- 9 || total
-------------------------+-------+-------+-------++-------
Melee: Short sword       |    23 |    43 |    24 ||    90
 Fire: Hand crossbow     |    50 |   118 |    22 ||   190
  Use: Scroll            |     6 |     2 |     1 ||     9
Armor: Leather armour    |     5 |    23 |     4 ||    32
Dodge: Dodged            |    22 |    70 |    29 ||   121
